 Dungeon Crawl Stone Soup version 0.30-a0-1164-ge08a67761e (webtiles) character file.

Game seed: 15243086177008764104

88 Buxus the Trooper (level 4, -7/48 HPs)
             Began as an Ogre Hedge Wizard on Apr 29, 2023.
             Killed from afar by an orc wizard (9 damage)
             ... with a puff of flame
             ... on level 3 of the Dungeon.
             The game lasted 00:02:29 (3131 turns).

Buxus the Trooper (Ogre Hedge Wizard)               Turns: 3131, Time: 00:02:29

Health: -7/48      AC:  3    Str: 14    XL:     4   Next: 53%
Magic:  6/9        EV:  9    Int: 17    God:
Gold:   181        SH:  0    Dex:  8    Spells: 4/10 levels left

rFire   . . .        l - +0 whip
rCold   . . .        (no shield)
rNeg    . . .        b - +0 robe
rPois   .            c - +0 hat
rElec   .            (no cloak)
rCorr   .            (gloves unavailable)
SInv    .            (boots unavailable)
Will    .....        (no amulet)
Stlth   +            (no ring)
HPRegen 0.28/turn    (no ring)
MPRegen 0.11/turn

%: no passive effects
@: no status effects
A: large, unfitting armour, tough skin 1
a: no special abilities


You were on level 3 of the Dungeon.
You visited 1 branch of the dungeon, and saw 3 of its levels.

You collected 181 gold pieces.

Inventory:

Hand Weapons
 a - a +0 dagger
 l - a +0 whip (weapon)
Armour
 b - a +0 robe (worn)
 c - a +0 hat (worn)
Wands
 i - a wand of digging (5)
Scrolls
 e - 2 scrolls of silence
 h - a scroll of torment
 n - a scroll of amnesia {unknown}
 p - a scroll of teleportation {unknown}
 r - a scroll of enchant armour {unknown}
 s - a scroll of blinking {unknown}
 t - a scroll of identify
 u - a scroll of brand weapon {unknown}
Potions
 d - 2 potions of magic
 f - 2 potions of haste
 g - a potion of brilliance {unknown}
 j - a potion of mutation {unknown}
 k - 2 potions of heal wounds {unknown}
 m - a potion of attraction {unknown}
 o - a potion of berserk rage {unknown}
 q - 3 potions of curing {unknown}


   Skills:
 + Level 4.3 Fighting
 + Level 1.8 Maces & Flails
 - Level 1.7 Dodging
 - Level 1.4 Stealth
 - Level 3.6 Spellcasting
 - Level 0.8 Conjurations
 - Level 0.8 Summonings
 - Level 0.8 Translocations


You had 4 spell levels left.
You knew the following spells:

 Your Spells              Type           Power      Damage    Failure   Level
a - Magic Dart            Conj           24%        1d4       12%         1
b - Blink                 Tloc           12%        N/A       17%         2
c - Call Imp              Summ           12%        N/A       17%         2
d - Slow                  Hex            12%        N/A       17%         1

Your spell library contained the following spells:

 Spells                   Type           Power      Damage    Failure   Level
 Apportation              Tloc           12%        N/A       12%         1
 Cigotuvi's Dreadful Rot  Necr/Pois/Air  6%         N/A       26%         2
 Mephitic Cloud           Conj/Pois/Air  4%         N/A       41%         3
 Ozocubu's Armour         Ice            3%         N/A       45%         3
 Alistair's Intoxication  Tmut/Pois      2%         N/A       99%         5
 Ozocubu's Refrigeration  Ice            1%         4d7       100%        7


Dungeon Overview and Level Annotations

Branches:
Dungeon (3/15)

Altars:

Shops:
D:1 *

Annotations:
D:2 1 runed translucent door, Crazy Yiuf


Innate Abilities, Weirdness & Mutations

You are too large for most types of armour.
You have tough skin. (AC +1)


Message History

The orc closely misses you.
You barely miss the orc.
The orc is almost dead.
The orc hits you with a +0 club.
You barely miss the orc.
The orc is almost dead.
The orc hits you with a +0 club.
You barely miss the orc.
The orc is almost dead.
The orc hits you with a +0 club.
You hit the orc.
You kill the orc!
You hit something but do no damage. Something hits you.
You closely miss something. Something hits you but does no damage.
You barely miss something. Something hits you.
You closely miss something. Something hits you but does no damage.
You hit something. Something hits you.
You hit something. Something hits you but does no damage.
You hit something. Something hits you.
You barely miss something. Something hits you.
You closely miss something. Something hits you.
You barely miss something. Something hits you but does no damage.
Okay, then.
You miss something. Something hits you.
You barely miss something. Something hits you.
You closely miss something.
You hear some strange, mumbled words.
Something tries to affect you, but you resist.
You miss something. Something hits you.
You closely miss something. Something hits you.
You barely miss something.
You hear some strange, mumbled words.
A puff of flame appears from out of thin air!
The puff of flame hits you!
* * * LOW HITPOINT WARNING * * *
You closely miss something.
You hear some strange, mumbled words.
A puff of flame appears from out of thin air!
The puff of flame hits you!
You die...

### ### #.# #.#
#######.# #.# #.......#
#.### #@#####.# #.#.#
#.### #{#####'####.#.#
#.....#o##.........#.###
......'o...........'....
......#.#......)...#....
......'.................
......###..##.#.........
...... #..##.#..#.#.###
..... .........##...###


You could see 2 orcs.

Vanquished Creatures
  A gnoll (D:1)
  3 adders (D:3)
  A worm (D:2)
  A dart slug (D:1)
  2 orcs (D:3)
  4 ball pythons (D:1)
  5 endoplasms
  3 goblins (D:2)
  4 hobgoblins
  3 jackals (D:1)
  3 quokkas (D:1)
  A bat (D:1)
  A frilled lizard (D:2)
  7 kobolds
  4 rats
43 creatures vanquished.

Notes
Turn   | Place    | Note
-------+----------+-------------------------------------------
     0 | D:1      | Buxus the Ogre Hedge Wizard began the quest for the Orb.
     0 | D:1      | Reached XP level 1. HP: 16/16 MP: 5/5
    95 | D:1      | Reached skill level 1 in Fighting
   333 | D:1      | Reached skill level 2 in Fighting
   389 | D:1      | Reached XP level 2. HP: 25/28 MP: 0/6
   563 | D:1      | Found Mafuanut's Assorted Antiques.
   685 | D:1      | Reached skill level 3 in Fighting
   870 | D:1      | Reached XP level 3. HP: 37/37 MP: 1/8
  2231 | D:2      | Reached skill level 1 in Maces & Flails
  2426 | D:2      | Found a runed translucent door.
  2427 | D:2      | Noticed Crazy Yiuf
  2710 | D:3      | Reached skill level 4 in Fighting
  2710 | D:3      | Reached XP level 4. HP: 48/48 MP: 3/9
  2713 | D:3      | Learned a level 2 spell: Blink
  2716 | D:3      | Learned a level 2 spell: Call Imp
  2718 | D:3      | Learned a level 1 spell: Slow
  3130 | D:3      | HP: 1/48 [something/puff of flame (14)]
  3131 | D:3      | Killed from afar by an orc wizard

Illustrated notes

Levels and vault maps discovered:
D:1:      lightli_molten_gateway, layout_loops_corners, serial_shops,
          nicolae_shop_hallway_plus
D:2:      layout_loops_ring, dreamdust_princess_bridge, uniq_crazy_yiuf_cottage
D:3:      layout_basic

Skill      XL: |  1  2  3 |
---------------+----------+-----
Fighting       | 2 3 4 |  4.3
Maces & Flails | 1 |  1.8
Dodging        | |  1.7
Stealth        | |  1.4
Spellcasting   | |  3.6
Conjurations   | |  0.8
Summonings     | |  0.8
Translocations | |  0.8

Action                     |  1- 3 |  4- 6 || total
---------------------------+-------+-------++-------
  Melee: Dagger            |    69 |       ||    69
         Whip              |    15 |    33 ||    48
         Punch             |     1 |       ||     1
   Cast: Magic Dart        |    81 |    27 ||   108
    Use: Scroll            |     3 |       ||     3
 Armour: Robe              |    33 |     5 ||    38
  Dodge: Dodged            |    45 |     6 ||    51

Table legend: (Time is in decaauts)
 A = Elapsed time spent in this place.
 B = Non-inter-level travel time spent in this place.
 C = Inter-level travel time spent in this place.
 D = Time resting spent in this place.
 E = Time spent auto-exploring this place.
 F = Levels seen in this place.
 G = Mean time per level.
                   A        B        C        D        E       F      G
               +--------+--------+--------+--------+--------+-----+--------+
         Total |   3131 |   3064 |     67 |    108 |   2592 |   3 | 1043.7 |
       Dungeon |   3131 |   3064 |     67 |    108 |   2592 |   3 | 1043.7 |
               +--------+--------+--------+--------+--------+-----+--------+

Top non-repeatable levels by time:
     D:1: 1694 daAuts
     D:2: 956 daAuts
     D:3: 480 daAuts
